 Dungeon Crawl Stone Soup version 0.28-a0-1415-g7c84da036a (webtiles) character file.

Game seed: 14615418638387708407

205 porpoise the Insei (level 5, -25/41 HPs)
             Began as a Demonspawn Transmuter on Jan 8, 2022.
             Annihilated by an ogre (28 damage)
             ... on level 4 of the Dungeon.
             The game lasted 00:13:04 (4117 turns).

porpoise the Insei (Demonspawn Transmuter)          Turns: 4117, Time: 00:13:05

Health: -25/41     AC:  2    Str: 13    XL:     5   Next: 52%
Magic:  7/8        EV: 12    Int: 14    God:
Gold:   109        SH:  5    Dex: 13    Spells: 7/8 levels left

rFire   . . .      SeeInvis .     - Unarmed
rCold   . . .      Faith    .   (no shield)
rNeg    . . .      Spirit   .   a - +0 robe
rPois   .          Reflect  +   (helmet currently unavailable)
rElec   .          Harm     .   (no cloak)
rCorr   .          Rampage  .   (no gloves)
Will    +....                   (boots currently unavailable)
Stlth   ++........              l - amulet of reflection
HPRegen 0.13/turn               v - ring of willpower
MPRegen 0.11/turn               x - +4 ring of slaying

@: appendages (expiring)
A: horns 2, talons 2, foul stench 2, demonic touch 1
a: End Transformation


You were on level 4 of the Dungeon.
You had temporarily grown beastly horns and talons.
You visited 1 branch of the dungeon, and saw 4 of its levels.

You collected 109 gold pieces.

Inventory:

Hand Weapons
 b - a +2 dagger of venom
 r - a +0 vampiric short sword
 z - a +0 short sword of speed
Missiles
 d - 209 stones
 f - 13 sling bullets
 n - 6 atropa-tipped darts
 q - 5 boomerangs of dispersal
Armour
 a - a +0 robe (worn)
 t - a +0 pair of boots (melded)
 w - a +0 cloak
Jewellery
 l - an amulet of reflection (around neck)
 v - a ring of willpower (left hand)
 x - a +4 ring of slaying (right hand)
Wands
 y - a wand of digging (4)
Scrolls
 c - a scroll of holy word {unknown}
 h - a scroll of enchant weapon {unknown}
 k - a scroll of fog
 m - a scroll of noise {unknown}
 u - a scroll of amnesia {unknown}
Potions
 e - 2 potions of curing
 g - 2 potions of haste
 j - a potion of might {unknown}
 o - a potion of mutation {unknown}
 p - 2 potions of flight
 s - a potion of cancellation {unknown}


   Skills:
 * Level 3.5 Fighting
 - Level 1.7 Dodging
 + Level 2.2 Stealth
 * Level 4.1 Unarmed Combat
 - Level 2.0 Spellcasting
 - Level 1.7 Transmutations


You had 7 spell levels left.
You knew the following spells:

 Your Spells              Type           Power      Damage    Failure   Level
a - Beastly Appendage     Tmut           12%        N/A       12%         1

Your spell library contained the following spells:

 Spells                   Type           Power      Damage    Failure   Level
 Wereblood                Tmut           6%         N/A       17%         2
 Spider Form              Tmut/Pois      3%         N/A       45%         3
 Ice Form                 Ice/Tmut       3%         N/A       86%         4


Dungeon Overview and Level Annotations

Branches:
Dungeon (4/15)
 Temple: D:4-7

Altars:
Fedhas
Trog


Innate Abilities, Weirdness & Mutations

You have temporarily grown beastly horns and talons.
You sometimes emit foul miasma when damaged in melee.
Your touch may inflict minor irresistible damage on your foes.


Message History

You now have 109 gold pieces (gained 11).
You start resting.
Magic restored.
You start resting.
Your horns disappear.
Your talons disappear.
Your +0 pair of boots unmelds from your body.
HP restored.
i - a scroll of identify
As you read the scroll of identify, it crumbles to dust.
p - 2 potions of flight An ogre comes into view.
It is wielding a +0 giant spiked club.
A hobgoblin comes into view.
The hobgoblin shouts!
Casting: Beastly Appendage (safe; 12% risk of failure)
Confirm with . or Enter, or press ? or * to list all spells.
You grow a pair of large bovine horns.
Your feet morph into talons.
Your +0 pair of boots melds into your body.
The ogre shouts!
The ogre hits you with a +0 giant spiked club!!
Ouch! That really hurt!
You emit a cloud of foul miasma!
A black bear comes into view.
The black bear growls angrily.
You are too injured to fight recklessly!
Unknown command.
You punch the ogre!
The ogre is moderately wounded.
The ogre is engulfed in dark miasma.
The ogre is poisoned.
The ogre seems to slow down.
The ogre hits you with a +0 giant spiked club!!
* * * LOW HITPOINT WARNING * * *
You hit the ogre. Your touch misses the ogre.
The ogre is severely wounded.
Your transformation is almost over.
You barely miss the ogre. You claw the ogre. Your touch misses the ogre.
The ogre is almost dead.
The ogre is engulfed in dark miasma.
The ogre looks even sicker.
The ogre hits you with a +0 giant spiked club!!
Ouch! That really hurt!
You die...

##ยง...# #.# #..##.#
#.#####.... ..##
..........# .## #....
#.... .# #..# ...
.########..# ..h.
.#.....#...##.##g#
..............##O#
##.....##...####@#
#.....##.#.####.#
########.#...##.######
#.# #........... #.#
#.......####
#.###..###..#
#...#.#####....
###............
##########....


You could see a black bear, an ogre (very poisoned, slow) and a hobgoblin.

Vanquished Creatures
  2 jellies (D:2)
  An orc wizard (D:3)
  An adder (D:2)
  2 worms (D:2)
  A dart slug (D:1)
  4 orcs (D:2)
  12 endoplasms
  5 giant cockroaches
  9 goblins
  7 hobgoblins
  5 jackals
  4 quokkas
  6 ball pythons
  8 bats
  3 frilled lizards
  13 kobolds
  7 rats
90 creatures vanquished.

Vanquished Creatures (others)
  5 fungi (D:2)
  2 plants (D:2)
  6 toadstools (D:2)
13 creatures vanquished.

Grand Total: 103 creatures vanquished

Notes
Turn   | Place    | Note
-------+----------+-------------------------------------------
     0 | D:1      | porpoise the Demonspawn Transmuter began the quest for the
                  | Orb.
     0 | D:1      | Reached XP level 1. HP: 15/15 MP: 3/3
   228 | D:1      | Gained mutation: Your touch may inflict minor irresistible
                  | damage on your foes. [demonic ancestry]
   228 | D:1      | Reached XP level 2. HP: 14/21 MP: 3/5
   433 | D:1      | Reached skill level 3 in Unarmed Combat
   799 | D:1      | Reached skill level 1 in Stealth
   943 | D:1      | Gained mutation: You may rarely emit foul miasma when
                  | damaged in melee. [demonic ancestry]
   943 | D:1      | Reached XP level 3. HP: 27/27 MP: 4/6
  1647 | D:2      | Found a bloodstained altar of Trog.
  1960 | D:2      | Gained mutation: You sometimes emit foul miasma when
                  | damaged in melee. [demonic ancestry]
  1960 | D:2      | Reached XP level 4. HP: 28/34 MP: 7/7
  2405 | D:2      | Found a faded altar of an unknown god.
  2808 | D:2      | Reached XP level 5. HP: 32/41 MP: 6/8
  3016 | D:2      | Reached skill level 4 in Unarmed Combat
  3523 | D:3      | Found a blossoming altar of Fedhas.
  4107 | D:4      | Noticed an ogre
  4114 | D:4      | Noticed a black bear
  4117 | D:4      | Annihilated by an ogre

Illustrated notes

Levels and vault maps discovered:
D:1:      matt_arrival_diagonals, layout_loops_ring, minmay_tetromino_l4
D:2:      cheibrodos_fertilizer, layout_basic, basic_altar,
          ebering_ecumenical_altar_petrified, grunt_ministairs_15, hex_tiny,
          serial_bayou_lake_a
D:3:      layout_basic, fedhas_altar_2
D:4:      layout_rooms, minmay_quantized, uniq_robin

Skill      XL: |  1  2  3  4  5 |
---------------+----------------+-----
Unarmed Combat | 3 4 |  4.1
Fighting       | 2 3 |  3.5
Stealth        | 1 2 |  2.2
Dodging        | |  1.7
Spellcasting   | |  2.0
Transmutations | |  1.7

Action                   |  1- 3 |  4- 6 || total
-------------------------+-------+-------++-------
Melee: Unarmed           |    95 |    71 ||   166
       Headbutt          |    17 |     9 ||    26
       Kick              |    15 |    19 ||    34
       Touch             |     4 |     9 ||    13
       Punch             |     1 |       ||     1
 Cast: Beastly Appendage |    34 |    26 ||    60
  Use: Scroll            |       |     4 ||     4
 Stab: Sleeping          |     3 |     1 ||     4
Armor: Robe              |    12 |     9 ||    21
Dodge: Dodged            |    41 |    50 ||    91
Block: Other             |     2 |    17 ||    19
       Reflection        |       |     1 ||     1

Table legend: (Time is in decaauts)
 A = Elapsed time spent in this place.
 B = Non-inter-level travel time spent in this place.
 C = Inter-level travel time spent in this place.
 D = Time resting spent in this place.
 E = Time spent auto-exploring this place.
 F = Levels seen in this place.
 G = Mean time per level.
                   A        B        C        D        E       F      G
               +--------+--------+--------+--------+--------+-----+--------+
         Total |   4124 |   4033 |     91 |   1421 |   1765 |   4 | 1031.0 |
       Dungeon |   4124 |   4033 |     91 |   1421 |   1765 |   4 | 1031.0 |
               +--------+--------+--------+--------+--------+-----+--------+

Top non-repeatable levels by time:
     D:1: 1736 daAuts
     D:2: 1579 daAuts
     D:3: 740 daAuts
     D:4: 68 daAuts
